 Dungeon Crawl Stone Soup version 0.24-a0-117-g53b5160 (webtiles) character file.

Game seed: 9096429967952185467

42 galech the Skirmisher (level 3, -1/29 HPs)
             Began as a Demonspawn Fighter on Feb 18, 2019.
             Succumbed to an adder's poison
             ... on level 2 of the Dungeon.
             The game lasted 00:00:55 (865 turns).

galech the Skirmisher (Demonspawn Fighter)           Turns: 865, Time: 00:00:56

Health: -1/29      AC:  6    Str: 16    XL:     3   Next: 35%
Magic:  3/3        EV: 12    Int:  9    God:
Gold:   139        SH:  9    Dex: 18    Spells: 2/2 levels left

rFire    . . .     SeeInvis .   a - +0 war axe
rCold    . . .     Gourm    .   c - +0 shield
rNeg     . . .     Faith    .   b - +0 scale mail
rPois    .         Spirit   .   (no helmet)
rElec    .         Reflect  .   (no cloak)
rCorr    .         Harm     .   (no gloves)
MR       .....                  (no boots)
Stlth    +.........             (no amulet)
HPRegen  0.09/turn              (no ring)
MPRegen  0.08/turn              (no ring)

@: agile, lethally poisoned (-1 -> -13)
A: demonic guardian 1, powered by pain 1
a: no special abilities


You were on level 2 of the Dungeon.
You were not hungry.

You visited 1 branch of the dungeon, and saw 2 of its levels.

You collected 139 gold pieces.

Inventory:

Hand Weapons
 a - a +0 war axe (weapon)
Armour
 b - a +0 scale mail (worn)
 c - a +0 shield (worn)
Scrolls
 e - a scroll of identify {unknown}
 i - a scroll of fog {unknown}
 j - 2 scrolls of amnesia {unknown}
Potions
 d - 2 potions of might
 k - a potion of agility
Comestibles
 f - 4 rations
 g - 3 chunks of flesh


   Skills:
 + Level 3.3 Fighting
 + Level 2.0 Axes
 + Level 3.1 Armour
 + Level 0.7 Dodging
 + Level 3.1 Shields


You had 2 spell levels left.
You didn't know any spells.
Your spell library was empty.

Dungeon Overview and Level Annotations

Branches:
Dungeon (2/15)

Altars:


Innate Abilities, Weirdness & Mutations

A weak demonic guardian rushes to your aid.
You sometimes gain a little power by taking damage.


Message History

You feel sick. The adder closely misses you. You block the adder's attack.
You miss the adder.
The adder is moderately wounded.
You feel very sick. The adder bites you.
* * * LOW HITPOINT WARNING * * *
The adder closely misses you.
You miss the adder.
The adder is moderately wounded.
* * * LOW HITPOINT WARNING * * *
You feel sick. The adder closely misses you. You block the adder's attack.
You closely miss the adder.
The adder is moderately wounded.
* * * LOW HITPOINT WARNING * * *
You feel sick. The adder bites you but does no damage. The adder bites you.
* * * LOW HITPOINT WARNING * * *
You block the adder's attack.
You hit the adder.
The adder is heavily wounded.
You die...

#.##.#.......รท......#
.....######.........#
#.#### #.>.......#
##.......## ##.....##
##....# ####.#
########.# ......S@.#
##########


You could see an adder.

Vanquished Creatures
  An adder (D:2)
  3 dart slugs (D:1)
  5 giant cockroaches
  5 goblins
  3 hobgoblins (D:1)
  2 kobolds (D:1)
  2 bats
  A frilled lizard (D:2)
  3 rats (D:1)
25 creatures vanquished.

Notes
Turn   | Place    | Note
-------+----------+-------------------------------------------
     0 | D:1      | galech the Demonspawn Fighter began the quest for the Orb.
     0 | D:1      | Reached XP level 1. HP: 18/18 MP: 1/1
   111 | D:1      | Gained mutation: You sometimes gain a little power by
                  | taking damage. [demonic ancestry]
   111 | D:1      | Reached XP level 2. HP: 12/24 MP: 2/2
   645 | D:2      | Gained mutation: A weak demonic guardian rushes to your
                  | aid. [demonic ancestry]
   645 | D:2      | Reached XP level 3. HP: 20/29 MP: 3/3
   864 | D:2      | HP: 1/29 [adder (2)]
   865 | D:2      | Succumbed to an adder's poison

Levels and vault maps discovered:
D:1:      dpeg_arrival_three_same_balls, layout_basic, minmay_tetromino_o2
D:2:      layout_loops_cross, nemelex_xobeh_ov_fountains_minmay,
          nicolae_ru_the_path_less_chosen

Skill      XL: |  1  2  3 |
---------------+----------+-----
Armour         | 3 |  3.1
Shields        | 3 |  3.1
Axes           | 2 |  2.0
Fighting       | |  3.3
Dodging        | |  0.7

Action                   || total
-------------------------++-------
Melee: War axe           ||    88
  Use: Potion            ||     2
Armor: Scale mail        ||    34
Dodge: Dodged            ||    26
Block: Shield            ||    46

Table legend:
 A = Non-vault XP
 B = Vault XP
 C = Vault XP percentage of total XP
 D = Non-vault monster count
 E = Vault monster count
 F = Vault count percentage of total count
                 A         B        C        D         E       F
            +---------+---------+-------+---------+---------+-------
      Total |      56 |       5 |   8.2 |      23 |       2 |   8.0
            +---------+---------+-------+---------+---------+-------
        D:1 |      34 |       5 |  12.8 |      17 |       2 |  10.5
        D:2 |      22 |       0 |   0.0 |       6 |       0 |   0.0
            +---------+---------+-------+---------+---------+-------
